 Dungeon Crawl Stone Soup version 0.13-a0-2060-gccfd96d (webtiles) character file.

1207 Koal the Basher (level 8, -1/76 HPs)
             Began as an Ogre Abyssal Knight on June 26, 2013.
             Was an Elder of Lugonu.
             Slain by an orc
             ... wielding a -1,+1 orcish flail
              (6 damage)
             ... on Level 6 of the Dungeon.
             The game lasted 00:28:06 (5226 turns).

Koal the Basher (Ogre Abyssal Knight)               Turns: 5226, Time: 00:28:07

HP  -1/76        AC  4     Str 18      XL: 8   Next: 11%
MP  16/16        EV 10     Int 11      God: Lugonu [****..]
Gold 276         SH  0     Dex 11      Spells:  0 memorised,  7 levels left

Res.Fire  : . . .   See Invis. : .   a - +1,+0 giant spiked club
Res.Cold  : . . .   Warding    : .   b - +0 robe
Life Prot.: . . .   Conserve   : .   (shield restricted)
Res.Poison: .       Res.Corr.  : .   (helmet restricted)
Res.Elec. : .       Clarity    : .   k - +0 cloak
Sust.Abil.: + .     Spirit.Shd : .   (gloves unavailable)
Res.Mut.  : .       Stasis     : .   (boots unavailable)
Res.Rott. : .       Flight     : .   (no amulet)
Saprovore : + . .                    C - ring of protection from magic
                                     w - ring of sustain abilities

@: quite resistant to hostile enchantments, unstealthy
A: unfitting armour, fast metabolism 1, saprovore 1, tough skin 1
a: Depart the Abyss, Bend Space, Banish, Corrupt, Renounce Religion


You were on level 6 of the Dungeon.
You worshipped Lugonu.
Lugonu was greatly pleased with you.
You were very hungry.

You visited 1 branch of the dungeon, and saw 6 of its levels.
You visited the Abyss 1 time.

You collected 256 gold pieces.

Inventory:

Hand weapons
 a - a +1,+0 giant spiked club (weapon)
 B - a +2,+2 mace
Missiles
 f - 72 darts
 i - a throwing net [torn] {=f}
 m - a javelin (quivered)
 r - a throwing net {=f}
 Z - 31 stones
Armour
 b - a +0 robe (worn)
 k - a +0 cloak (worn)
Comestibles
 c - 3 meat rations
 d - 6 bread rations
 s - a choko
 t - 3 pears
Scrolls
 e - 3 scrolls of identify
 g - a scroll of enchant armour {unknown}
 l - 3 scrolls of remove curse
 o - a scroll of blinking
 p - a scroll of teleportation
 q - a scroll of fog
Jewellery
 w - a ring of sustain abilities (left hand)
 C - a ring of protection from magic (right hand)
Potions
 h - 3 potions of restore abilities
 j - 4 potions of curing
 u - 2 potions of heal wounds
 z - a potion of magic


   Skills:
 - Level 4.0 Fighting
 + Level 8.2 Maces & Flails
 - Level 4.3 Throwing
 - Level 2.1 Dodging
 - Level 6.2 Invocations


You had 7 spell levels left.
You didn't know any spells.

Dungeon Overview and Level Annotations

Branches:
Dungeon (6/27)             Temple (0/1) D:4
    Orc: D:6-11

Altars:
Elyvilon
Kikubaaqudgha
Vehumet

Shops:
D:5: [


Innate Abilities, Weirdness & Mutations

You are too large for most types of armour.
You have a fast metabolism.
You can tolerate rotten meat.
You have tough skin (AC +1).


Message History

The orc hits you with an orcish hammer.
* * * LOW HITPOINT WARNING * * *
You sock the orc!
You kill the orc!
Lugonu accepts your kill.
Throwing (i - inventory. (,) - cycle):
m - 2 javelins (quivered)
Press: ? - help, Shift-Dir - straight line, f - orc
Aim: an orc, wielding an orcish flail You throw a javelin.
The javelin hits the orc.
The orc is severely wounded.
You barely miss the orc.
The orc is severely wounded.
The orc hits you with an orcish flail.
* * * LOW HITPOINT WARNING * * *
You barely miss the orc.
The orc is severely wounded.
The orc hits you with an orcish flail.
* * * LOW HITPOINT WARNING * * *
The orc hits you with an orcish flail.
You die...

#.##.......)......####.#.........
#.##.......##....................
..##.####..##.....#.##......####P
####.##.....................#..#.
##.##.#...................#).#.
#........#........##......##'#.
#........##.####..#...o#.......
#.###..#########..#.#.##.......
#.#....# #..@o(.#.#.#########
#.#.##.# #.###......#
#.#....#####.######.###
#.......##.....# #.#
###.....##.....# #.#
#.....##.....# #.#***
##.)<###.....# #..,,* ##[##
#.....# ###*,* ####.##########
*,*


You could see an orc.

Vanquished Creatures
  An ice beast (D:5)
  An ogre (D:4)
  A sky beast (D:5)
  A giant frog zombie (D:5)
  A wight (D:6)
  4 crimson imps
  2 hounds
  An orc priest (D:5)
  3 orc wizards
  2 scorpions
  3 worker ants
  A worker ant zombie (D:5)
  7 adders
  3 worms
  A giant eyeball (D:4)
  3 giant geckos
  3 oozes
  9 orcs
  A ball python (D:2)
  8 giant cockroaches
  10 hobgoblins
  9 kobolds
  4 quokkas
  14 bats
  6 giant newts
  6 goblins
  12 jackals
  An orc skeleton (D:5)
  13 rats
131 creatures vanquished.

Vanquished Creatures (others)
  An orc warrior (D:6)
  An orc (D:6)
  A goblin (D:2)
  A kobold (D:3)
  A jackal (D:1)
  A rat (D:3)
6 creatures vanquished.

Grand Total: 137 creatures vanquished

Notes
Turn   | Place    | Note
--------------------------------------------------------------
     0 | Abyss:1  | Koal, the Ogre Abyssal Knight, began the quest for the Orb.
     0 | Abyss:1  | Reached XP level 1. HP: 20/20 MP: 1/1
    90 | D:1      | Escaped the Abyss
   279 | D:1      | Reached XP level 2. HP: 27/29 MP: 2/2
   291 | D:1      | Acquired Lugonu's first power
   509 | D:1      | Reached XP level 3. HP: 34/36 MP: 4/4
  1060 | D:2      | Acquired Lugonu's second power
  1197 | D:2      | Found an ancient bone altar of Kikubaaqudgha.
  1260 | D:2      | Reached skill level 5 in Maces & Flails
  1289 | D:2      | Reached XP level 4. HP: 45/45 MP: 5/5
  2046 | D:3      | Found a radiant altar of Vehumet.
  2529 | D:3      | Reached skill level 1 in Throwing
  2529 | D:3      | Reached XP level 5. HP: 52/52 MP: 7/7
  2988 | D:4      | Found a white marble altar of Elyvilon.
  3096 | D:4      | Acquired Lugonu's third power
  3273 | D:4      | Found a staircase to the Ecumenical Temple.
  3273 | D:4      | Noticed an ogre
  3312 | D:4      | Killed an ogre
  3312 | D:4      | Reached XP level 6. HP: 50/61 MP: 5/9
  3690 | D:5      | Entered Level 5 of the Dungeon
  3760 | D:5      | Reached skill level 6 in Maces & Flails
  4059 | D:5      | Reached XP level 7. HP: 47/67 MP: 9/11
  4341 | D:5      | Reached skill level 5 in Invocations
  4421 | D:5      | Found Croown's Antique Armour Shoppe.
  4443 | D:5      | Acquired Lugonu's fourth power
  4726 | D:6      | Reached skill level 7 in Maces & Flails
  4729 | D:6      | Reached XP level 8. HP: 58/76 MP: 16/16
  4806 | D:6      | Reached XP level 7. HP: 63/67 MP: 14/14
  5151 | D:6      | Reached XP level 8. HP: 76/76 MP: 16/16
  5176 | D:6      | Reached skill level 8 in Maces & Flails
  5226 | D:6      | Slain by an orc

Action                   |  1- 3 |  4- 6 |  7- 9 || total
-------------------------+-------+-------+-------++-------
Melee: Mace              |    99 |    74 |       ||   173
       Giant spiked club |       |    38 |    86 ||   124
Throw: Hand axe          |     5 |     6 |       ||    11
       Dart              |     3 |    15 |       ||    18
       Javelin           |       |    55 |    28 ||    83
Invok: Depart the Abyss  |     1 |       |       ||     1
       Bend Space        |       |     4 |       ||     4
       Banish            |       |       |     1 ||     1
  Use: Scroll            |       |    11 |     1 ||    12
 Stab: Sleeping          |       |     1 |       ||     1
